 Dungeon Crawl Stone Soup version 0.30.0 (webtiles) character file.

Game seed: 14993386580222618242

66652 Jarnaxa the Bludgeoner (level 14, -1/127 HPs)
             Began as a Minotaur Fighter on May 6, 2023.
             Was an Elder of the Shining One.
             Slain by a salamander
             ... wielding a +3 trident
              (9 damage)
             ... on level 1 of the Snake Pit.
             The game lasted 01:00:19 (19084 turns).

Jarnaxa the Bludgeoner (Minotaur Fighter)          Turns: 19084, Time: 01:00:20

Health: -1/127     AC: 20    Str: 26    XL:     14   Next: 80%
Magic:  18/18      EV: 14    Int:  5    God:    the Shining One [****..]
Gold:   1031       SH: 14    Dex: 13    Spells: 13/13 levels left

rFire   x . .        u - +10 morningstar "Eos" {elec, Halo rElec}
rCold   + + +        v - +2 buckler {rC+}
rNeg    + + .        n - +0 ice dragon scales
rPois   +            (helmet restricted)
rElec   +            J - +1 cloak {rPois}
rCorr   +            q - +0 pair of gloves
SInv    .            (no boots)
Will    +....        j - amulet of reflection Stlth
                     r - +4 ring of protection
HPRegen 0.41/turn    C - ring of Byobaigg {rC+ rCorr Dex+3}
MPRegen 0.16/turn

%: reflection
@: silenced, glowing, studying Maces & Flails
A: horns 2, retaliatory headbutt
a: Renounce Religion


You were on level 1 of the Snake Pit.
You worshipped the Shining One.
The Shining One was greatly pleased with you.
You visited 5 branches of the dungeon, and saw 18 of its levels.
You also visited: Sewer and Ice Cave.

You collected 1031 gold pieces.

Inventory:

Hand Weapons
 u - the +10 morningstar "Eos" (weapon) {elec, Halo rElec}
   (You found it on level 7 of the Dungeon)

   Halo:      It grants its wielder a halo, revealing invisible creatures and
   increasing accuracy against all within it other than the wielder.
   rElec:     It insulates you from electricity.
Armour
 n - +0 ice dragon scales (worn)
 q - a +0 pair of gloves (worn)
 v - a +2 buckler of cold resistance (worn)
 x - +2 acid dragon scales
 H - a +2 tower shield
 J - a +1 cloak of poison resistance (worn)
Jewellery
 b - a ring of fire
 j - an amulet of reflection (around neck)
 p - a ring of protection from cold
 r - a +4 ring of protection (left hand)
 s - an amulet of guardian spirit
 A - an amulet of regeneration
 C - the ring of Byobaigg (right hand) {rC+ rCorr Dex+3}
   (You found it on level 12 of the Dungeon)

   [ring of protection from cold]

   Dex:       It affects your dexterity (+3).
   rC:        It protects you from cold.
   rCorr:     It protects you from acid and corrosion.
 F - a +5 ring of evasion
 G - a ring of ice
 I - a +6 ring of dexterity
Wands
 a - a wand of paralysis (1)
 c - a wand of polymorph (15)
 y - a wand of roots (30)
 z - a wand of digging (3)
 E - a wand of acid (8)
 K - a wand of mindburst (4)
Scrolls
 e - 11 scrolls of teleportation
 l - a scroll of amnesia
 t - 2 scrolls of fog
 D - 2 scrolls of butterflies
 L - a scroll of enchant weapon
Potions
 d - 3 potions of brilliance
 f - 2 potions of invisibility
 g - 6 potions of curing
 h - 5 potions of flight
 i - 3 potions of heal wounds
 k - 3 potions of lignification
 m - 2 potions of cancellation
 o - a potion of magic
 w - 4 potions of ambrosia
 B - 3 potions of might
 M - 3 potions of attraction


   Skills:
 + Level 12.8 Fighting
 + Level 10.3 Long Blades
 + Level 18.1 Maces & Flails
 + Level 9.9 Armour
 + Level 9.4 Dodging
 - Level 3.0 Stealth
 + Level 14.4 Shields
 * Level 7.5 Invocations
 + Level 1.0 Evocations


You had 13 spell levels left.
You didn't know any spells.
Your spell library contained the following spells:

 Spells                   Type           Power      Damage    Failure   Level
 Apportation              Tloc           0%         N/A       80%         1
 Necrotise                Necr           0%         1d4       80%         1
 Slow                     Hex            0%         N/A       80%         1
 Summon Small Mammal      Summ           0%         N/A       80%         1
 Lesser Beckoning         Tloc           0%         N/A       90%         2
 Sublimation of Blood     Necr           0%         N/A       90%         2
 Wereblood                Tmut           0%         N/A       90%         2
 Confusing Touch          Hex            0%         N/A       99%         3
 Dazzling Flash           Conj/Hex       0%         N/A       99%         3
 Gell's Gravitas          Tloc           0%         N/A       99%         3
 Portal Projectile        Hex/Tloc       0%         N/A       99%         3
 Teleport Other           Tloc           0%         N/A       99%         3
 Tukima's Dance           Hex            0%         N/A       99%         3
 Vampiric Draining        Necr           0%         2d6       99%         3
 Volatile Blastmotes      Fire/Tloc      0%         2d10      99%         3
 Iskenderun's Mystic Bla  Conj/Tloc      0%         2d3       100%        4
 Blade Hands              Tmut           0%         N/A       100%        5
 Simulacrum               Ice/Necr       0%         N/A       100%        6
 Starburst                Conj/Fire      0%         6d3       100%        6
 Ozocubu's Refrigeration  Ice            0%         4d7       100%        7
 Summon Hydra             Summ           0%         N/A       100%        7
 Polar Vortex             Ice            0%         N/A       100%        9


Dungeon Overview and Level Annotations

Branches:
Dungeon (12/15)            Temple (1/1) D:7            Lair (3/5) D:8
 Shoals (1/4) Lair:3        Snake (1/4) Lair:3          Orc (0/2) D:10
  Sewer (visited)           IceCv (visited)

Altars:
Ashenzari
Cheibriados
Dithmenos
Elyvilon
Fedhas
Gozag
Hepliaklqana
Kikubaaqudgha
Makhleb
Nemelex Xobeh
Okawaru
Qazlal
Ru
Sif Muna
Trog
Uskayaw
Vehumet
Wu Jian
Xom
Yredelemnul
Zin
The Shining One

Shops:
D:6 *   D:10 [   Snake:1 *

Portals:
Trove: D:11 (give 7 scrolls of fog)

Annotations:
D:6 1 runed translucent door, p1v0's ghost, novice MiBe
D:8 3 runed translucent doors, justviktor's ghost, novice MiFi
Lair:2 2 transporters
Shoals:1 3 runed translucent doors, archon2's ghost, adept DEFE; arthad's ghost, adept VSFi


Innate Abilities, Weirdness & Mutations

You have a pair of horns on your head.
You reflexively headbutt those who attack you in melee.


Message History

The naga warrior is poisoned.
The naga closely misses you. The naga constricts you.
You hit the naga warrior.
The naga warrior is almost dead.
You block the shock serpent's attack.
The salamander hits you from afar with a +3 trident!
You are engulfed in flames!
The fire burns you terribly!
The naga warrior roars a battlecry!
The nagas go into a battle-frenzy!
You puncture the naga warrior!
You kill the naga warrior!
You block the shock serpent's attack. The naga hits you with a +0 war axe!
The naga constricts you.
The salamander hits you from afar with a +3 trident.
You are engulfed in flames!
The fire burns you terribly!
Your Evocations skill increases to level 1!
You impale the naga!!
The naga is almost dead.
You block the shock serpent's attack. The naga barely misses you.
The naga constricts you.
The shock serpent shoots out a bolt of lightning at you!
The bolt of electricity misses you.
The salamander hits you from afar with a +3 trident!!
* * * LOW HITPOINT WARNING * * *
You are engulfed in flames!
The fire burns you terribly!
* * * LOW HITPOINT WARNING * * *
You feel much better. The shock serpent barely misses you.
The naga loses its grip on you.
The salamander hits you from afar with a +3 trident!
* * * LOW HITPOINT WARNING * * *
You are engulfed in flames!!
The fire burns you terribly!
* * * LOW HITPOINT WARNING * * *
Read: scroll of silence
Press: ? - help, Q - select action, (/) - cycle Dir - look around, f - activate
As you read the scroll of silence, it crumbles to dust.
A profound silence engulfs you. The shock serpent barely misses you.
You furiously retaliate!
You headbutt the shock serpent. The shock serpent closely misses you.
The salamander hits you from afar with a +3 trident!
You die...

###.#.....# #
#..####..# #...
.# ##.###
...?.( .# #...#
..... ##.#
#...# ∩..#.
...# #...###
...... ...#
#.....##.....#
<..##
##.....S.....#
....##
#....@).....#
.....#
#....N....^..
.#....#
#......##N...##
........
####.### ...##
######.. #..
..). . #..
#.... #. ....
>..


You could see a salamander (strong), a shock serpent (unsilenced) and a naga
(strong, unsilenced).

Vanquished Creatures
  2 frost giants (IceCv)
  A white draconian (IceCv)
  Nessos (D:12)
  A merfolk impaler (Shoals:1)
  5 ice dragons (IceCv)
  2 hydras
  3 anacondas (Snake:1)
  8 ironbound frosthearts (IceCv)
  A merfolk avatar (Shoals:1)
  2 two-headed ogres
  3 naga warriors (Snake:1)
  3 skysharks (Shoals:1)
  An orange crystal statue (IceCv)
  3 sea snakes (Shoals:1)
  Pikel (D:8)
  10 harpies (Shoals:1)
  5 ugly things
  A cyclops (D:12)
  5 manticores
  2 fauns (Shoals:1)
  4 black mambas
  A centaur zombie (D:10)
  A merfolk siren (Shoals:1)
  2 ice statues (Shoals:1)
  A naga mage (Snake:1)
  Joseph (D:8)
  3 cane toads
  Maggie (D:7)
  4 yaktaurs (D:12)
  9 rime drakes (IceCv)
  4 komodo dragons
  6 merfolk (Shoals:1)
  A wind drake (Shoals:1)
  12 polar bears
  5 trolls
  4 snapping turtles (Shoals:1)
  5 blink frogs (Lair:2)
  7 slime creatures (D:12)
  A vampire (D:11)
  Sigmund (D:8)
  2 wyverns
  2 wraiths
  55 yaks
  11 humans (D:8)
  Grum (D:6)
  2 basilisks
  A steam dragon (Lair:3)
  Menkaure (D:7)
  4 vampire mosquitoes
  3 nagas (Snake:1)
  An acid dragon (D:8)
  6 water moccasins
  2 orc warriors
  2 ogres (D:5)
  3 sky beasts
  An ice beast (D:5)
  2 black bears
  6 wolves
  12 centaurs
  2 lemures (D:8)
  A kobold brigand (D:9)
  2 gnoll sergeants
  15 bullfrogs
  4 scorpions
  4 wights
  2 howler monkeys
  12 hounds
  2 jellies
  Crazy Yiuf (D:7)
  3 gnoll boudas
  4 iguanas
  3 orc priests
  14 orc wizards
  A howler monkey zombie (D:10)
  14 adders
  13 gnolls
  A shadow imp (D:7)
  2 white imps
  3 ufetubi
  7 worms
  4 dart slugs
  33 orcs
  7 endoplasms
  9 giant cockroaches
  6 goblins
  12 hobgoblins
  9 jackals
  15 kobolds
  8 quokkas
  6 ball pythons
  3 bats
  11 frilled lizards
  5 rats
488 creatures vanquished.

Vanquished Creatures (others)
  6 fungi
  11 plants
  2 withered plants (D:6)
19 creatures vanquished.

Grand Total: 507 creatures vanquished

Notes
Turn   | Place    | Note
-------+----------+-------------------------------------------
     0 | D:1      | Jarnaxa the Minotaur Fighter began the quest for the Orb.
     0 | D:1      | Reached XP level 1. HP: 19/19 MP: 0/0
   153 | D:1      | Reached XP level 2. HP: 25/27 MP: 1/1
   721 | D:2      | Reached XP level 3. HP: 26/33 MP: 2/2
   727 | D:2      | Reached skill level 1 in Dodging
   843 | D:2      | Reached XP level 4. HP: 40/40 MP: 3/3
  1498 | D:3      | Found a shimmering altar of Xom.
  1720 | D:3      | Found a bloodstained altar of Trog.
  1806 | D:3      | Found an opulent altar of Gozag.
  1806 | D:3      | Found a broken altar of Ashenzari.
  2496 | D:4      | Found a blossoming altar of Fedhas.
  2508 | D:4      | Reached XP level 5. HP: 36/46 MP: 4/4
  2878 | D:4      | Reached skill level 5 in Armour
  3055 | D:4      | Reached XP level 6. HP: 44/53 MP: 5/5
  3277 | D:4      | Reached skill level 5 in Long Blades
  3596 | D:5      | Entered Level 5 of the Dungeon
  3724 | D:5      | Reached skill level 5 in Shields
  3724 | D:5      | Reached XP level 7. HP: 50/60 MP: 6/6
  4017 | D:5      | Reached skill level 5 in Fighting
  4174 | D:5      | Reached XP level 8. HP: 66/69 MP: 7/7
  4434 | D:6      | Noticed a troll
  4486 | D:6      | Reached skill level 1 in Stealth
  4653 | D:6      | Found a glowing drain.
  4668 | Sewer    | Entered a sewer
  5076 | D:6      | Killed a troll
  5253 | D:6      | Found a hide-covered altar of Uskayaw.
  5275 | D:6      | Found Wegaozuty's Assorted Antiques.
  5400 | D:6      | Reached XP level 9. HP: 61/77 MP: 8/8
  5774 | D:6      | Found a runed translucent door.
  5775 | D:6      | Noticed p1v0's ghost (novice MiBe)
  5854 | D:6      | Noticed Grum
  5864 | D:6      | Killed Grum
  6017 | D:6      | Reached skill level 5 in Dodging
  6042 | D:6      | Noticed a troll
  6049 | D:6      | Killed a troll
  6058 | D:6      | Identified the staff of air "Salorau" {rElec rC+ rN+}
  6291 | D:7      | Found a staircase to the Ecumenical Temple.
  6329 | Temple   | Entered the Ecumenical Temple
  6452 | Temple   | Became a worshipper of the Shining One
  6619 | D:7      | Noticed Menkaure
  6624 | D:7      | Killed Menkaure
  6945 | D:7      | Found the +10 morningstar "Eos" {elec, Halo rElec}
  6957 | D:7      | Reached skill level 10 in Long Blades
  6971 | D:7      | Found a runed translucent door.
  6972 | D:7      | Noticed Crazy Yiuf
  6977 | D:7      | Killed Crazy Yiuf
  7022 | D:7      | Noticed Maggie
  7024 | D:7      | Killed Maggie
  7025 | D:7      | Reached skill level 1 in Maces & Flails
  7030 | D:7      | Found a shadowy altar of Dithmenos.
  7546 | D:8      | Reached XP level 10. HP: 86/86 MP: 9/9
  7559 | D:8      | Reached skill level 2 in Maces & Flails
  7564 | D:8      | Reached skill level 3 in Maces & Flails
  7607 | D:8      | Found a hazy altar of Hepliaklqana.
  7609 | D:8      | Noticed Joseph
  7622 | D:8      | Killed Joseph
  7623 | D:8      | Reached skill level 4 in Maces & Flails
  7714 | D:8      | Found a runed translucent gate.
  7714 | D:8      | Found a runed translucent gate.
  7715 | D:8      | Found a runed translucent gate.
  7716 | D:8      | Reached * piety under the Shining One
  7716 | D:8      | Noticed justviktor's ghost (novice MiFi)
  7899 | D:8      | Noticed Sigmund
  7906 | D:8      | Found a staircase to the Lair.
  7919 | D:8      | Killed Sigmund
  7920 | D:8      | Reached skill level 5 in Maces & Flails
  8048 | D:8      | Found a snail-covered altar of Cheibriados.
  8090 | D:8      | Reached skill level 6 in Maces & Flails
  8135 | D:8      | Reached skill level 7 in Maces & Flails
  8135 | D:8      | Reached skill level 10 in Shields
  8143 | D:8      | Reached XP level 11. HP: 95/95 MP: 10/10
  8344 | D:8      | Noticed Pikel
  8353 | D:8      | Killed Pikel
  8354 | D:8      | Reached skill level 8 in Maces & Flails
  8785 | D:9      | Found an ornate altar of the Wu Jian Council.
  9065 | D:9      | Reached skill level 9 in Maces & Flails
  9529 | D:10     | Entered Level 10 of the Dungeon
  9529 | D:10     | Found Ohiptaxa's Armour Shop.
  9632 | D:10     | Found an iron altar of Okawaru.
  9708 | D:10     | Reached skill level 10 in Maces & Flails
  9944 | D:10     | Reached ** piety under the Shining One
  9945 | D:10     | Found a basalt altar of Yredelemnul.
 10147 | D:10     | Found an ancient bone altar of Kikubaaqudgha.
 10168 | D:10     | Identified the +0 scale mail "Urrigroa" {Dex+3}
 10188 | D:10     | Reached skill level 11 in Maces & Flails
 10416 | D:10     | Found a shimmering blue altar of Sif Muna.
 10453 | D:10     | Found a staircase to the Orcish Mines.
 10512 | D:10     | Noticed a two-headed ogre
 10519 | D:10     | Killed a two-headed ogre
 10945 | D:11     | Identified the +3 robe "Soahiq" {rElec rPois Stlth+}
 10955 | D:11     | Reached skill level 12 in Maces & Flails
 11282 | D:11     | Found a portal to a secret trove of treasure.
 11562 | D:12     | Reached XP level 12. HP: 95/104 MP: 11/11
 11776 | D:12     | Reached skill level 13 in Maces & Flails
 12027 | D:12     | Noticed a two-headed ogre
 12027 | D:12     | Reached *** piety under the Shining One
 12027 | D:12     | Noticed Nessos
 12039 | D:12     | Killed a two-headed ogre
 12041 | D:12     | Killed Nessos
 12042 | D:12     | Reached skill level 14 in Maces & Flails
 12257 | D:12     | Identified the ring of Byobaigg {rC+ rCorr Dex+3}
 12570 | Lair:1   | Entered Level 1 of the Lair of Beasts
 12570 | Lair:1   | Noticed an eight-headed hydra
 12576 | Lair:1   | Killed an eight-headed hydra
 12577 | Lair:1   | Reached skill level 10 in Fighting
 12729 | Lair:1   | Reached skill level 1 in Invocations
 12867 | Lair:1   | Reached skill level 15 in Maces & Flails
 13218 | Lair:2   | Noticed an eight-headed hydra
 13224 | Lair:2   | Killed an eight-headed hydra
 13477 | Lair:2   | Found a transporter.
 13479 | Lair:2   | Found a transporter.
 13480 | Lair:2   | Noticed a boulder beetle
 13548 | Lair:2   | Reached XP level 13. HP: 114/114 MP: 14/14
 14088 | Lair:2   | Identified a scroll of acquirement
 14088 | Lair:2   | Acquired a manual of Maces & Flails
 14636 | Lair:3   | Found a staircase to the Shoals.
 14650 | Lair:3   | Found a staircase to the Snake Pit.
 15384 | Shoals:1 | Entered Level 1 of the Shoals
 15411 | Shoals:1 | Reached skill level 16 in Maces & Flails
 15533 | Shoals:1 | Found a frozen archway.
 15826 | IceCv    | Entered an ice cave
 16003 | IceCv    | Reached **** piety under the Shining One
 16038 | IceCv    | Noticed a white draconian
 16049 | IceCv    | Killed a white draconian
 16050 | IceCv    | Reached skill level 5 in Invocations
 16513 | IceCv    | Reached skill level 17 in Maces & Flails
 16513 | IceCv    | Reached XP level 14. HP: 47/125 MP: 17/17
 16516 | IceCv    | Noticed a frost giant
 16525 | IceCv    | Killed a frost giant
 16841 | IceCv    | Noticed a frost giant
 16856 | IceCv    | Killed a frost giant
 17239 | Shoals:1 | Found a runed translucent gate.
 17239 | Shoals:1 | Found a runed translucent gate.
 17248 | Shoals:1 | Found a runed translucent gate.
 17265 | Shoals:1 | Noticed archon2's ghost (adept DEFE)
 17265 | Shoals:1 | Noticed arthad's ghost (adept VSFi)
 18411 | Shoals:1 | Reached skill level 18 in Maces & Flails
 18809 | Snake:1  | Entered Level 1 of the Snake Pit
 19077 | Snake:1  | Found Pimif's Practical Paraphernalia.
 19082 | Snake:1  | Reached skill level 1 in Evocations
 19084 | Snake:1  | Slain by a salamander

Illustrated notes

Levels and vault maps discovered:
D:1:      zaba_arrival_water, layout_basic
D:2:      layout_basic, kennysheep_cross_bottleneck
D:3:      layout_loops_ring, lightli_temple_of_fire,
          nicolae_overflow_hidden_temple, nicolae_overflow_two_pavilions,
          nicolae_wormholes
D:4:      minmay_general_purpose_star, layout_loops_corners, fedhas_altar_1
D:5:      layout_cave_pools
D:6:      minmay_clustersquares, layout_cave_pools, old_standard_altar,
          gammafunk_ghost_grave, serial_gnoll_camp, gnoll_camp_mini_hut,
          gnoll_camp_medium_01, gnoll_camp_mini_hut, grums_kennel,
          portal_sewer_entry_f, serial_shops, nicolae_take_the_stairs
D:7:      layout_gridville, lemuel_crystal_altar, temple_pool_b, nicolae_titane,
          uniq_maggie, uniq_menkaure, uniq_crazy_yiuf_cottage
D:8:      erik_cavepeople, layout_basic, lemuel_doored_altar,
          nicolae_hepliaklqana_hazy_memory, gammafunk_ghost_nasty_kobolds,
          sigmund_army, uniq_joseph, uniq_pikel
D:9:      layout_basic, mainiacjoe_overflow_paths, chequers_mini_garden,
          hangedman_decor_growths, minivault_21
D:10:     layout_loops_corners, lemuel_zombie_altar_yredelemnul,
          mainiacjoe_overflow_24_doors, okawaru_ov_weapons_minmay, tgw_sif,
          serial_shops, shop
D:11:     layout_loops_ring, nicolae_trove_entry_crystal,
          minmay_misc_feat_diagonals, kennysheep_generic_room_12
D:12:     layout_roguey, uniq_nessos
Temple:   nicolae_temple_godpark
Lair:1:   layout_roguey, grunt_megastairs_3
Lair:2:   gammafunk_boulding_lane, layout_gridlike
Lair:3:   layout_concentric_octagons, minmay_shoals_entry_centaurs,
          dummy_snake_entry, chequers_serial_rivers_small_3, grunt_megastairs_5
Shoals:1: layout_shoals, gammafunk_ghost_cemetery,
          portal_ice_cave_entry_ice_statue_two, nicolae_shoals_circle_sea_wall
Snake:1:  layout_misc_corridors, nicolae_snake_gridmaze_zigzag,
          grunt_ministairs_15, nicolae_alphabet_shops

Skill      XL: |  1  2  3  4  5  6  7  8  9 10 11 12 13 14 |
---------------+-------------------------------------------+-----
Shields        | 4 5 7 8 10 11 13 14 | 14.4
Long Blades    | 3 4 5 7 8 10 | 10.3
Armour         | 4 5 6 7 8 9 |  9.9
Dodging        | 1 3 4 5 6 7 8 9 |  9.4
Fighting       | 4 5 6 7 8 9 10 11 12 | 12.8
Stealth        | 1 2 3 |  3.0
Maces & Flails | 1 7 12 15 17 18 | 18.1
Invocations    | 3 5 7 |  7.5
Evocations     | 1 |  1.0

Action                     |  1- 3 |  4- 6 |  7- 9 | 10-12 | 13-15 || total
---------------------------+-------+-------+-------+-------+-------++-------
  Melee: Long sword        |    83 |   163 |   122 |       |       ||   368
         Headbutt          |    18 |    29 |    63 |   106 |   137 ||   353
         Falchion          |       |       |   212 |       |       ||   212
         Morningstar       |       |       |    18 |   412 |   428 ||   858
 Invoke: Divine Shield     |       |       |       |       |     2 ||     2
  Evoke: Wand              |       |       |       |       |     9 ||     9
    Use: Scroll            |     4 |     3 |     8 |     6 |    11 ||    32
         Potion            |       |     1 |     6 |     2 |     6 ||    15
 Armour: Scale mail        |    46 |    61 |   122 |       |       ||   229
         Acid dragon scale |       |       |     2 |    87 |   111 ||   200
         Ice dragon scales |       |       |       |       |    57 ||    57
  Dodge: Dodged            |    36 |    50 |   138 |   145 |   202 ||   571
  Block: Buckler           |    21 |    69 |   186 |   244 |   340 ||   860
         Reflection        |       |     2 |     6 |     9 |     7 ||    24
